 Dungeon Crawl Stone Soup version 0.27-a0-972-gd1521fd518 (webtiles) character file.

Game seed: 14757143207225468066

21 siradein the Magician (level 2, -2/21 HPs)
             Began as a Djinni Summoner on Apr 13, 2021.
             Slain by an adder (3 damage)
             ... on level 2 of the Dungeon.
             The game lasted 00:05:13 (2236 turns).

siradein the Magician (Djinni Summoner)             Turns: 2236, Time: 00:05:14

Health: -2/21      AC:  2    Str:  7    XL:     2   Next: 83%
Gold:   54         EV: 12    Int: 16    God:
                   SH:  0    Dex: 13

rFire    + + .     SeeInvis .   (no weapon)
rCold    x . .     Faith    .   (no shield)
rNeg     . . .     Spirit   .   a - +0 robe
rPois    ∞         Reflect  .   (no helmet)
rElec    .         Harm     .   (no cloak)
rCorr    .         Rampage  .   (no gloves)
Will     .....                  (boots unavailable)
Stlth    ++........             (no amulet)
HPRegen  0.07/turn              (no ring)
MPRegen  0.00/turn              (no ring)

@: flying
A: fire resistance 2, cold vulnerability 1, float, innate caster, hp casting,
extra vitality 1
a: no special abilities


You were on level 2 of the Dungeon.
You visited 1 branch of the dungeon, and saw 2 of its levels.

You collected 54 gold pieces.

Inventory:

Armour
 a - a +0 robe (worn)
Scrolls
 b - a scroll of enchant armour {unknown}
 c - 4 scrolls of identify {unknown}
Potions
 d - 2 potions of curing {unknown}
 e - a potion of lignification {unknown}


   Skills:
 - Level 2.1 Dodging
 - Level 1.5 Stealth
 + Level 4.2 Spellcasting


You couldn't memorise any spells.
You knew the following spells:

 Your Spells              Type           Power      Damage    Failure   Level
a - Summon Small Mammal   Summ           68%        N/A       2%          1
b - Call Imp              Summ           17%        N/A       4%          2
c - Call Canine Familiar  Summ           17%        N/A       9%          3
d - Summon Guardian Gole  Hex/Summ       17%        N/A       9%          3
e - Summon Lightning Spi  Summ/Air       17%        N/A       28%         4
f - Summon Ice Beast      Ice/Summ       17%        N/A       28%         4
Your spell library was empty.

Dungeon Overview and Level Annotations

Branches:
Dungeon (2/15)

Altars:

Shops:
D:1 !


Innate Abilities, Weirdness & Mutations

You are immune to poison.
Your flesh is very heat resistant. (rF++)
You are vulnerable to cold. (rC-)
You float through the air rather than walking.
You learn spells naturally, not from books.
Your magical power is your life essence.
You have superior vitality. (+4 HP)


Message History

Anything else - Cancel.
Gang up on whom?
Press: ? - help, Dir - move target, f - adder
Aim: an adder (ally target) Attack!
The adder bites you.
You swap places.
Your crimson imp barely misses the adder.
The adder closely misses your crimson imp.
The adder closely misses your crimson imp.
Your crimson imp hits the adder.
Your crimson imp hits the adder but does no damage.
The adder barely misses your crimson imp.
Your crimson imp barely misses the adder.
The adder completely misses your crimson imp.
Your crimson imp hits the adder.
Your crimson imp blinks! x2
The adder bites you.
Your crimson imp blinks!
The adder bites you. The adder barely misses you.
Casting: Call Imp (safe; 4% risk of failure)
Press: ? - help, Q - select action, (/) - cycle Dir - look around, f - activate A beastly little devil appears in a puff of flame.
The adder bites you.
* * * LOW HITPOINT WARNING * * *
Casting: Call Imp (safe; 4% risk of failure)
Press: ? - help, Q - select action, (/) - cycle Dir - look around, f - activate A shadowy apparition takes form in the air.
Your shadow imp says, "You called?"
* * * LOW HITPOINT WARNING * * *
The adder closely misses you.
Your crimson imp blinks! x2
Your shadow imp completely misses the adder.
You swap places.
The adder bites you.
* * * LOW HITPOINT WARNING * * *
The adder completely misses you.
Your shadow imp hits the adder.
Your crimson imp barely misses the adder.
Your shadow imp completely misses the adder.
Your crimson imp misses the adder.
The adder bites you.
You die...

#.≈.≈# ##.........>.#
##.≈.≈# #........÷...#
#..≈.≈# #.'########'..
#..≈≈≈######.#........#..
#............#.+####'.#..
####..######.#.#....#.#..
##.## #.#.#.##.#.#..
#..#####.#)#.##.#.#..
##..@S##.#.#....#.#..
####..5.#.+####'.#..
###5.#........#..
######.†########'..
...................#
...............†.###
.......#######...#
....... #..#.... ....>..
#.#####.


You could see an adder (ally target), a friendly crimson imp (summoned) and a
friendly shadow imp (summoned).

Vanquished Creatures (collateral kills)
  An adder (D:2)
  A worm (D:2)
  A dart slug (D:1)
  A ball python (D:1)
  4 bats
  A giant cockroach (D:1)
  3 goblins
  A hobgoblin (D:2)
  2 kobolds (D:1)
  A quokka (D:1)
  3 frilled lizards (D:1)
  2 rats (D:1)
21 creatures vanquished.

Vanquished Creatures (others)
  6 fungi (D:2)
  4 toadstools (D:2)
10 creatures vanquished.

Grand Total: 31 creatures vanquished

Notes
Turn   | Place    | Note
-------+----------+-------------------------------------------
     0 | D:1      | siradein the Djinni Summoner began the quest for the Orb.
     0 | D:1      | Reached XP level 1. HP: 15/15 MP: 0/0
    63 | D:1      | Found Yzuq's Distillery.
   596 | D:1      | Found a faded altar of an unknown god.
   980 | D:1      | Reached XP level 2. HP: 16/21 MP: 0/0
  1133 | D:1      | Reached skill level 4 in Spellcasting
  2233 | D:2      | HP: 1/21 [adder (3)]
  2236 | D:2      | Slain by an adder

Illustrated notes

Levels and vault maps discovered:
D:1:      tarquinn_simple_flora_water_d, layout_loops_corners, serial_shops,
          shop, chequers_ecumenical_altar_simple
D:2:      layout_rooms, basic_altar, minmay_gold_behind_fungi, minivault_11,
          chequers_serial_rivers_micro_d, minmay_misc_feat_tiny

Skill      XL: |  1  2 |
---------------+-------+-----
Spellcasting   | 4 |  4.2
Dodging        | |  2.1
Stealth        | |  1.5

Action                   || total
-------------------------++-------
 Cast: Summon Small Mamm ||    28
       Call Imp          ||    26
Armor: Robe              ||     8
Dodge: Dodged            ||    25

Table legend: (Time is in decaauts)
 A = Elapsed time spent in this place.
 B = Non-inter-level travel time spent in this place.
 C = Inter-level travel time spent in this place.
 D = Time resting spent in this place.
 E = Time spent auto-exploring this place.
 F = Levels seen in this place.
 G = Mean time per level.
                   A        B        C        D        E       F      G
               +--------+--------+--------+--------+--------+-----+--------+
         Total |   2235 |   2207 |     28 |      0 |   1976 |   2 | 1117.5 |
       Dungeon |   2235 |   2207 |     28 |      0 |   1976 |   2 | 1117.5 |
               +--------+--------+--------+--------+--------+-----+--------+

Top non-repeatable levels by time:
     D:1: 1772 daAuts
     D:2: 463 daAuts
